Map: Frozen Temple

Players

MasterQueso - Winner!

  • Race: Protoss Protoss
  • League: Gold
  • Spawn Location: 11:00

Fropez

  • Race: Protoss Protoss
  • League: Gold
  • Spawn Location: 5:00

VOD

Have the link to the VOD?

Description

Time

  • Played on: Nov. 7, 2016, 10:43 a.m.
  • Length: 15:50
Show
View Real Time Build Order
Export as new Build Order

MasterQueso Protoss - Winner!

Build Orders:  

Get SALT Encoding   

  12  0:01  Probe (Chrono Boost)  
  13  0:12  Probe (Chrono Boost)  
  14  0:20  Pylon  
  14  0:22  Probe (Chrono Boost)  
  15  0:38  Probe (Chrono Boost)  
  15  0:40  Gateway  
  16  0:48  Probe (Chrono Boost), Assimilator  
  17  0:59  Probe (Chrono Boost), Assimilator  
  18  1:10  Probe (Chrono Boost)  
  19  1:20  Probe (Chrono Boost)  
  20  1:25  Pylon  
  20  1:34  Cybernetics Core  
  20  1:40  Pylon  
  20  1:41  Probe (Chrono Boost)  
  21  1:52  Probe (Chrono Boost)  
  22  2:00  Gateway  
  22  2:02  Probe (Chrono Boost)  
  23  2:12  Adept  
  23  2:13  Mothership Core (Chrono Boost)  
  27  2:21  Warp Gate  
  27  2:32  Nexus  
  27  2:41  Adept  
  29  2:51  Pylon  
  29  2:52  Adept  
  29  2:56  Probe (Chrono Boost)  
  32  3:07  Probe (Chrono Boost)  
  32  3:09  Pylon  
  33  3:14  Stalker  
  33  3:17  Probe (Chrono Boost)  
  36  3:25  Stargate  
  36  3:32  Pylon  
  36  3:34  Probe (Chrono Boost)  
  37  3:45  Probe (Chrono Boost)  
  39  4:03  Probe (Chrono Boost)  
  39  4:07  Probe (Chrono Boost)  
  39  4:09  Oracle  
  43  4:13  Probe (Chrono Boost)  
  44  4:17  Probe (Chrono Boost)  
  44  4:21  Assimilator  
  44  4:24  Probe (Chrono Boost), Assimilator  
  46  4:28  Probe (Chrono Boost)  
  51  4:34  Probe (Chrono Boost)  
  49  4:38  Probe (Chrono Boost)  
  49  4:45  Pylon, Probe (Chrono Boost)  
  50  4:46  Phoenix  
  50  4:49  Stargate  
  52  4:55  Robotics Facility  
  53  5:00  Probe (Chrono Boost)  
  53  5:02  Probe (Chrono Boost)  
  54  5:10  Probe (Chrono Boost)  
  54  5:13  Probe (Chrono Boost)  
  56  5:14  Oracle  
  56  5:21  Probe (Chrono Boost)  
  60  5:24  Probe (Chrono Boost)  
  61  5:31  Probe (Chrono Boost)  
  61  5:34  Probe (Chrono Boost)  
  60  5:36  Oracle  
  57  5:51  Probe (Chrono Boost)  
  58  5:57  Stalker  
  58  5:58  Stalker  
  58  6:02  Probe (Chrono Boost), Oracle  
  66  6:13  Probe x2 (Chrono Boost)  
  68  6:23  Probe (Chrono Boost)  
  68  6:24  Probe (Chrono Boost)  
  70  6:28  Void Ray  
  70  6:32  Observer  
  75  6:34  Probe x2 (Chrono Boost)  
  77  6:44  Nexus, Probe (Chrono Boost)  
  77  6:45  Probe (Chrono Boost)  
  79  6:48  Stargate  
  79  6:51  Pylon  
  79  6:55  Void Ray, Probe (Chrono Boost)  
  84  7:02  Assimilator  
  84  7:04  Assimilator  
  84  7:08  Pylon  
  84  7:09  Protoss Air Weapons Level 1  
  84  7:13  Gateway  
  84  7:17  Void Ray  
  88  7:29  Sentry  
  90  7:34  Pylon  
  90  7:42  Pylon  
  76  7:57  Probe (Chrono Boost)  
  74  8:06  Void Ray  
  74  8:07  Probe (Chrono Boost)  
  74  8:09  Phoenix  
  81  8:13  Probe (Chrono Boost)  
  81  8:18  Probe (Chrono Boost)  
  83  8:23  Probe (Chrono Boost), Stalker  
  83  8:24  Stalker  
  88  8:28  Void Ray, Probe (Chrono Boost)  
  93  8:34  Probe (Chrono Boost)  
  93  8:39  Probe (Chrono Boost)  
  83  8:53  Stalker x2  
  83  8:54  Stalker  
  87  8:57  Void Ray  
  87  8:58  Void Ray  
  95  9:14  Pylon  
  95  9:16  Void Ray  
  99  9:21  Probe (Chrono Boost)  
  100  9:27  Probe (Chrono Boost)  
  101  9:31  Probe (Chrono Boost)  
  101  9:34  Pylon  
  101  9:36  Pylon  
  101  9:38  Probe (Chrono Boost)  
  103  9:41  Pylon  
  103  9:42  Probe (Chrono Boost)  
  104  9:48  Probe (Chrono Boost)  
  105  9:53  Phoenix x2  
  109  10:04  Pylon  
  109  10:07  Pylon, Void Ray  
  109  10:14  Observer  
  114  10:15  Stalker  
  114  10:18  Stalker x2  
  120  10:26  Void Ray x2  
  128  10:38  Pylon  
  128  10:39  Probe (Chrono Boost)  
  129  10:43  Probe (Chrono Boost)  
  129  10:49  Probe (Chrono Boost)  
  131  10:54  Probe (Chrono Boost)  
  131  10:55  Pylon  
  132  10:57  Pylon  
  132  10:59  Pylon  
  132  11:00  Probe (Chrono Boost)  
  132  11:02  Pylon  
  132  11:03  Pylon  
  133  11:18  Void Ray  
  137  11:19  Fleet Beacon  
  137  11:25  Probe (Chrono Boost)  
  138  11:35  Probe (Chrono Boost)  
  138  11:37  Pylon  
  138  11:38  Void Ray  
  143  11:43  Pylon  
  143  11:44  Probe (Chrono Boost)  
  143  11:46  Probe (Chrono Boost)  
  145  11:55  Probe (Chrono Boost)  
  145  11:57  Probe (Chrono Boost)  
  147  12:20  Stalker  
  147  12:21  Stalker x2  
  153  12:25  Void Ray (Chrono Boost)  
  161  12:30  Void Ray (Chrono Boost)  
  161  12:32  Nexus  
  165  12:39  Protoss Air Weapons Level 2  
  165  12:40  Void Ray (Chrono Boost)  
  165  12:41  Probe  
  166  12:52  Observer, Probe  
  166  12:57  Pylon  
  168  13:05  Pylon  
  168  13:13  Observer  
  168  13:14  Void Ray (Chrono Boost)  
  181  13:20  Void Ray (Chrono Boost)  
  181  13:23  Void Ray (Chrono Boost)  
  179  13:51  Void Ray (Chrono Boost)  
  191  14:02  Void Ray (Chrono Boost)  
  191  14:06  Void Ray (Chrono Boost)  
  191  14:07  Pylon  
  197  14:17  Assimilator x2  
  197  14:21  Graviton Catapult  
  177  15:10  Nexus  
Show
View Real Time Build Order
Export as new Build Order

Fropez Protoss 

Build Orders:  

Get SALT Encoding   

  12  0:01  Probe (Chrono Boost)  
  13  0:11  Probe (Chrono Boost)  
  14  0:20  Pylon  
  14  0:24  Probe (Chrono Boost)  
  15  0:39  Probe (Chrono Boost), Gateway  
  16  0:45  Assimilator  
  16  0:49  Probe (Chrono Boost)  
  17  1:00  Gateway  
  17  1:02  Probe (Chrono Boost)  
  18  1:15  Probe (Chrono Boost)  
  19  1:20  Assimilator  
  19  1:25  Pylon, Probe (Chrono Boost)  
  20  1:36  Probe (Chrono Boost)  
  20  1:45  Cybernetics Core  
  20  1:46  Probe (Chrono Boost)  
  21  1:57  Probe (Chrono Boost)  
  22  2:07  Probe (Chrono Boost)  
  24  2:25  Warp Gate (Chrono Boost)  
  24  2:26  Nexus  
  24  2:28  Pylon, Mothership Core (Chrono Boost)  
  25  2:41  Adept x2  
  29  2:50  Probe (Chrono Boost)  
  30  3:08  Adept x2  
  30  3:09  Probe  
  35  3:21  Probe  
  36  3:31  Twilight Council  
  36  3:36  Robotics Facility  
  36  3:40  Pylon  
  36  3:42  Probe  
  36  3:43  Probe  
  38  3:52  Probe  
  37  3:57  Probe  
  36  4:16  Assimilator  
  36  4:18  Assimilator  
  36  4:19  Resonating Glaives (Chrono Boost)  
  36  4:24  Warp Prism  
  38  4:39  Stalker x2  
  38  4:44  Pylon, Probe  
  42  4:46  Probe  
  44  5:08  Stalker x2  
  48  5:16  Pylon, Immortal  
  51  5:52  Stalker x2  
  51  5:55  Pylon  
  51  5:57  Pylon, Probe  
  51  5:59  Immortal  
  51  6:01  Probe  
  51  6:03  Forge  
  57  6:16  Gateway  
  57  6:17  Gateway, Stalker x2  
  61  6:20  Gateway x2  
  61  6:30  Probe  
  61  6:32  Probe  
  63  6:35  Protoss Ground Weapons Level 1 (Chrono Boost)  
  63  6:37  Blink (Chrono Boost)  
  63  6:41  Immortal  
  67  6:48  Pylon  
  67  6:50  Probe  
  67  6:51  Probe  
  69  7:00  Probe  
  69  7:01  Adept x2  
  69  7:07  Probe  
  75  7:34  Adept x4  
  83  7:55  Stalker x2  
  83  7:56  Stalker x4  
  85  8:02  Observer  
  84  8:17  Probe  
  84  8:18  Probe  
  54  8:59  Stalker x6  
  62  9:13  Nexus  
  62  9:15  Probe x2  
  62  9:16  Pylon  
  64  9:23  Pylon  
  64  9:30  Templar Archives  
  64  9:36  Gateway  
  64  9:39  Pylon, Probe  
  64  9:40  Probe, Gateway  
  64  9:41  Photon Cannon  
  66  9:50  Observer, Probe  
  66  9:52  Probe  
  68  10:05  Pylon  
  68  10:13  Photon Cannon  
  68  10:17  High Templar x2  
  68  10:18  High Templar x4  
  80  10:21  Archon  
  80  10:22  Archon x2  
  80  10:23  Photon Cannon  
  80  10:24  Probe  
  80  10:25  Pylon, Probe x2  
  83  10:31  Photon Cannon  
  83  10:34  Probe  
  83  10:39  Probe  
  83  10:40  Probe  
  86  10:42  Photon Cannon  
  86  10:45  Probe, Assimilator  
  87  10:54  Probe  
  88  10:57  Probe  
  90  11:05  Immortal  
  90  11:11  Stalker x4  
  101  11:21  Photon Cannon  
  101  11:47  Protoss Ground Weapons Level 2 (Chrono Boost)  
  101  12:04  High Templar x6  
  113  12:15  Pylon  
  113  12:17  Pylon  
  113  12:30  Psionic Storm  
  113  12:44  Archon x2  
  113  12:45  Archon  
  113  12:47  Stalker  
  113  12:48  Stalker x3  
  113  12:49  Stalker x3  
  127  12:57  Assimilator  
  127  13:01  Probe  
  127  13:03  Probe  
  129  13:07  Photon Cannon  
  129  13:19  Photon Cannon  
  129  13:36  High Templar x3  
  129  13:37  High Templar  
  129  13:40  Archon  
  129  13:41  Archon  
  137  13:44  Probe  
  137  13:46  Probe  
  139  13:53  Probe  
  139  13:54  Pylon  
  140  14:12  High Templar x2  
  140  14:13  High Templar  
  106  15:25  High Templar x5  
Tags
 
League
GoldGold
Matchup
PvP
Replay Pack
All Mines
Spawn Locations
Cross Positions
Add a new tag
Caveats
  • Supply blocks, unpowered buildings, or Contaminate may cause inaccurate times.
  • Supply counts are checked every 10 seconds.